 Dungeon Crawl Stone Soup version 0.27-a0-1051-g288ea87c7c (webtiles) character file.

Game seed: 8498624799314666269

9760 robertstho the Protected (level 11, -7/104 HPs)
             Began as a Minotaur Berserker on Apr 20, 2021.
             Was an Elder of Trog.
             Mangled by Rennog's ghost (21 damage)
             ... on level 9 of the Dungeon.
             The game lasted 00:14:22 (11172 turns).

robertstho the Protected (Minotaur Berserker)      Turns: 11172, Time: 00:14:22

Health: -7/104     AC: 16    Str: 25    XL:     11   Next: 27%
Magic:  10/10      EV: 10    Int:  5    God:    Trog [****..]
Gold:   659        SH:  5    Dex:  9    Spells: 10/10 levels left

rFire    . . .     SeeInvis .   b - +0 war axe
rCold    . . .     Faith    .   C - +2 buckler
rNeg     . . .     Spirit   .   m - +1 chain mail
rPois    .         Reflect  .   (helmet restricted)
rElec    .         Harm     .   E - +0 cloak
rCorr    .         Rampage  .   p - +0 pair of gloves
Will     .....                  (no boots)
Stlth    ..........             (no amulet)
HPRegen  0.27/turn              (no ring)
MPRegen  0.12/turn              (no ring)

@: on berserk cooldown, slowed, very slow
A: horns 2, retaliatory headbutt
a: Renounce Religion, Berserk, Trog's Hand, Brothers in Arms


You were on level 9 of the Dungeon.
You worshipped Trog.
Trog was greatly pleased with you.
You visited 1 branch of the dungeon, and saw 10 of its levels.
You also visited: Ossuary.

You collected 659 gold pieces.

Inventory:

Hand Weapons
 b - a +0 war axe (weapon)
Missiles
 e - a throwing net
 q - a curare-tipped dart
Armour
 m - a +1 chain mail (worn)
 p - a +0 pair of gloves (worn)
 v - +0 acid dragon scales
 C - a +2 buckler (worn)
 E - a +0 cloak (worn)
Wands
 c - a wand of polymorph (15)
 r - a wand of iceblast (4)
 B - a wand of mindburst (7)
 D - a wand of digging (5)
Scrolls
 a - a scroll of fog {unknown}
 k - a scroll of immolation
 l - a scroll of summoning
 n - a scroll of vulnerability {unknown}
 s - a scroll of blinking {unknown}
 u - a scroll of silence {unknown}
 y - a scroll of acquirement {unknown}
 A - a scroll of enchant weapon
Potions
 d - 5 potions of curing
 f - 2 potions of cancellation {unknown}
 g - 4 potions of attraction {unknown}
 h - 4 potions of lignification {unknown}
 i - 3 potions of might {unknown}
 j - 3 potions of flight
 o - a potion of heal wounds {unknown}
 t - 2 potions of haste {unknown}
 w - a potion of brilliance {unknown}
 x - a potion of mutation {unknown}
 z - a potion of degeneration {unknown}


   Skills:
 * Level 11.6 Fighting
 + Level 11.8 Axes
 * Level 12.2 Armour
 + Level 7.5 Dodging
 + Level 4.9 Evocations


You had 10 spell levels left.
You didn't know any spells.
Your spell library was empty.

Dungeon Overview and Level Annotations

Branches:
Dungeon (10/15)            Temple (0/1) D:6            Lair (0/6) D:8
Ossuary (visited)
    Orc: D:9-12

Altars:
Dithmenos
Elyvilon
Fedhas
Gozag
Kikubaaqudgha
Makhleb
Okawaru
Qazlal
Sif Muna
Uskayaw
Vehumet
Xom
Zin

Shops:
D:1 *(:

Annotations:
D:9 Rennog's ghost, journeyman TrFi
D:10 3 runed translucent doors


Innate Abilities, Weirdness & Mutations

You have a pair of horns on your head.
You reflexively headbutt those who attack you in melee.


Message History

You slash the ice beast!
You kill the ice beast!
Trog accepts your kill.
You slash the ice beast!
You kill the ice beast!
Trog accepts your kill.
You slice the wyvern simulacrum!!
The wyvern simulacrum vapourises!
Trog accepts your kill.
You slash the howler monkey simulacrum!
The howler monkey simulacrum vapourises!
Trog accepts your kill.
You slash the howler monkey simulacrum!
The howler monkey simulacrum vapourises!
Trog accepts your kill.
You slash the ice beast! You headbutt the ice beast!
The ice beast is almost dead.
The ice beast hits you but does no damage.
You slash the ice beast!
You kill the ice beast!
Trog accepts your kill.
There is an open translucent gate here.
You closely miss Rennog's ghost.
You are no longer berserk.
You are exhausted.
You feel yourself slow down. Rennog's ghost hits you!!
You slash Rennog's ghost! Your headbutt misses Rennog's ghost.
Rennog's ghost is lightly damaged.
You block Rennog's ghost's attack.
You hit Rennog's ghost.
Rennog's ghost is lightly damaged.
Rennog's ghost wails, "You must not fail where I succeeded!"
Rennog's ghost hits you!! x2
* * * LOW HITPOINT WARNING * * *
You hit Rennog's ghost but do no damage.
Rennog's ghost is lightly damaged.
Rennog's ghost hits you!
* * * LOW HITPOINT WARNING * * *
You feel better. Rennog's ghost hits you!!
You die...

.....## #####.............#...###
.....# .....###..######.#.#...###
....##.Y......##......#...#......
>...#..Y###....##.###.##))#..####
....#[Y...##....#.# #.##.)#......
....##Z....#....#.# #.##..##.####
##...#....$##...'.###.....##.# ##
#...#YZ.=.(#...'.##......######.
##.##.#Z..?#..W@.##....#.#######
#.#..# (.##...#.##)...#.###Z##
#.#..# #....#.<.....#.######
#.#...###....##..#...##..#...#
#.##.......###...........#._.#
#..###...###...###...##..#...##
###...#####.....................
#............######...##.#..####
#........#.....................#


You could see Rennog's ghost.

Vanquished Creatures
  A two-headed ogre (D:8)
  The ghost of ardl the Cutter, a novice DjFi (D:5)
  Joseph (D:9)
  Maurice (D:9)
  Maggie (D:9)
  A komodo dragon (D:8)
  An unseen horror (D:10)
  A meliai zombie (D:10)
  Sigmund (D:2)
  Grum (D:9)
  6 yaks (D:9)
  A steam dragon (D:6)
  3 water moccasins
  An acid dragon (D:8)
  An orc warrior (D:10)
  A sky beast (D:5)
  A black bear (D:7)
  2 necrophages
  4 ice beasts
  3 centaurs
  3 ogres
  3 wolves (D:9)
  2 phantoms
  A kobold brigand (D:7)
  4 bullfrogs
  2 elf zombies (Ossuary)
  A scorpion (D:4)
  A wyvern zombie (D:8)
  2 gnoll sergeants
  6 killer bees
  A crimson imp (D:10)
  5 centaur zombies
  A wyvern simulacrum (D:9)
  5 orc priests
  A bullfrog skeleton (D:4)
  5 hounds
  2 jellies
  A gnoll shaman (D:4)
  2 iguanas (D:5)
  4 orc wizards
  A scorpion zombie (D:5)
  3 hound zombies
  A hound skeleton (D:5)
  3 mummies (Ossuary)
  6 gnolls
  A howler monkey skeleton (D:6)
  7 adders
  3 white imps
  2 howler monkey simulacra (D:9)
  9 adder zombies
  6 adder skeletons (D:4)
  3 dart slugs
  25 orcs
  5 ball pythons
  9 endoplasms
  4 giant cockroaches
  4 gnoll zombies (Ossuary)
  9 goblins
  6 hobgoblins
  11 kobolds
  3 quokkas
  2 bats
  6 frilled lizards
  3 goblin zombies (Ossuary)
  3 hobgoblin zombies (Ossuary)
  3 jackal zombies (Ossuary)
  3 kobold zombies (Ossuary)
  3 quokka zombies (Ossuary)
  6 rats
  4 rat zombies (Ossuary)
239 creatures vanquished.

Vanquished Creatures (collateral kills)
  The ghost of g3ss the Basher, a novice HuBe of Trog (D:8)
  2 killer bees (D:9)
  A howler monkey zombie (D:9)
4 creatures vanquished.

Vanquished Creatures (others)
  A human (D:9)
  5 plants (D:8)
6 creatures vanquished.

Grand Total: 249 creatures vanquished

Notes
Turn   | Place    | Note
-------+----------+-------------------------------------------
     0 | D:1      | robertstho the Minotaur Berserker began the quest for the
                  | Orb.
     0 | D:1      | Reached XP level 1. HP: 19/19 MP: 0/0
   271 | D:1      | Found Fomni's Antique Weapon Boutique.
   310 | D:1      | Found Zeseamn's Assorted Antiques.
   367 | D:1      | Reached XP level 2. HP: 27/27 MP: 1/1
   514 | D:1      | Found Ymatodurue's Book Boutique.
   707 | D:2      | Noticed Sigmund
  1005 | D:2      | Killed Sigmund
  1006 | D:2      | Reached skill level 5 in Fighting
  1006 | D:2      | Reached skill level 5 in Axes
  1006 | D:2      | Reached skill level 3 in Armour
  1006 | D:2      | Reached XP level 3. HP: 37/37 MP: 2/2
  1006 | D:2      | Reached XP level 4. HP: 44/44 MP: 3/3
  1006 | D:2      | Reached XP level 5. HP: 50/50 MP: 4/4
  2050 | D:3      | Reached ** piety under Trog
  2779 | D:4      | Found a shimmering altar of Xom.
  2781 | D:4      | Found a shimmering altar of Xom.
  2781 | D:4      | Found a shimmering altar of Xom.
  2781 | D:4      | Found a shimmering altar of Xom.
  2782 | D:4      | Found a shimmering altar of Xom.
  2782 | D:4      | Found a shimmering altar of Xom.
  2782 | D:4      | Found a shimmering altar of Xom.
  2784 | D:4      | Found a shimmering altar of Xom.
  2792 | D:4      | Reached XP level 6. HP: 57/57 MP: 5/5
  3133 | D:4      | Reached skill level 4 in Armour
  3303 | D:4      | Reached XP level 7. HP: 60/64 MP: 6/6
  3806 | D:4      | Reached skill level 8 in Armour
  3806 | D:4      | Reached XP level 8. HP: 78/78 MP: 7/7
  3832 | D:5      | Entered Level 5 of the Dungeon
  3869 | D:5      | Reached *** piety under Trog
  3887 | D:5      | Found a sand-covered staircase.
  3897 | Ossuary  | Entered an ossuary
  4165 | Ossuary  | Reached **** piety under Trog
  4397 | D:5      | Found a hide-covered altar of Uskayaw.
  4429 | D:5      | Found a shadowy altar of Dithmenos.
  4496 | D:5      | Found a blossoming altar of Fedhas.
  4538 | D:5      | Found a runed translucent door.
  4547 | D:5      | Noticed ardl's ghost (novice DjFi)
  4564 | D:5      | Killed ardl's ghost
  4565 | D:5      | Reached skill level 10 in Fighting
  4565 | D:5      | Reached skill level 10 in Axes
  4565 | D:5      | Reached XP level 9. HP: 85/85 MP: 8/8
  4984 | D:6      | Reached skill level 9 in Armour
  5002 | D:6      | Found a staircase to the Ecumenical Temple.
  6209 | D:6      | Found a burning altar of Makhleb.
  6306 | D:6      | Found an iron altar of Okawaru.
  6909 | D:7      | Reached skill level 10 in Armour
  6961 | D:7      | Reached XP level 10. HP: 69/94 MP: 9/9
  7597 | D:8      | Noticed g3ss's ghost (novice HuBe)
  7600 | D:8      | Found a runed translucent door.
  7639 | D:8      | Noticed a two-headed ogre
  7650 | D:8      | Killed a two-headed ogre
  7724 | D:8      | Found a stormy altar of Qazlal.
  7725 | D:8      | Found a radiant altar of Vehumet.
  7726 | D:8      | Found a white marble altar of Elyvilon.
  7820 | D:8      | Found an opulent altar of Gozag.
  7989 | D:8      | Found a staircase to the Lair.
  8214 | D:8      | Found a shimmering blue altar of Sif Muna.
  8630 | D:8      | Killed g3ss's ghost
  8784 | D:9      | Noticed Maggie
  8796 | D:9      | Killed Maggie
  8868 | D:9      | Reached skill level 11 in Armour
  9067 | D:9      | Noticed Joseph
  9080 | D:9      | Killed Joseph
  9186 | D:9      | Noticed Maurice
  9203 | D:9      | Killed Maurice
  9516 | D:9      | Found a runed translucent gate.
  9517 | D:9      | Found a runed translucent gate.
  9517 | D:9      | Found a runed translucent gate.
  9527 | D:9      | Reached XP level 11. HP: 102/102 MP: 10/10
  9553 | D:9      | Found an ancient bone altar of Kikubaaqudgha.
  9734 | D:9      | Noticed Grum
  9750 | D:9      | Killed Grum
 10017 | D:9      | Found a glowing silver altar of Zin.
 10110 | D:9      | Noticed Rennog's ghost (journeyman TrFi)
 10133 | D:10     | Entered Level 10 of the Dungeon
 10751 | D:10     | Reached skill level 12 in Armour
 10997 | D:10     | Noticed a glowing orange brain
 11012 | D:10     | Found a runed translucent gate.
 11013 | D:10     | Found a runed translucent gate.
 11013 | D:10     | Found a runed translucent gate.
 11013 | D:10     | Noticed a purple very ugly thing
 11013 | D:10     | Noticed a white ugly thing
 11013 | D:10     | Noticed a red ugly thing
 11014 | D:10     | Noticed a purple ugly thing
 11015 | D:10     | Noticed a red ugly thing
 11015 | D:10     | Noticed a red ugly thing
 11171 | D:9      | HP: 3/104 [Rennog's ghost (16)]
 11172 | D:9      | Mangled by Rennog's ghost

Illustrated notes

Levels and vault maps discovered:
D:1:      nzn_arrival_water_spiral, layout_basic, serial_shops,
          nicolae_shop_overgrown_old_shop, shop, shop_statue
D:2:      layout_loops_cross, minmay_distorted, uniq_sigmund
D:3:      layout_loops_cross
D:4:      minmay_thinvault, layout_basic, xom_redecorated, serial_undead,
          serial_undead_b, serial_undead_e, serial_undead_f, serial_undead_c,
          grunt_decor_mini_mirrors, chequers_serial_rivers_marsh
D:5:      layout_rooms, nicolae_uskayaw_dance_hall, general_overflow_altar,
          grunt_dithmenos_smoke_and_mirrors, ebering_ghost_sewer_d,
          enter_ossuary_3
D:6:      layout_loops_ring, okawaru_altar_gauntlet_db,
          lemuel_coloured_pillars_altar, minmay_temple_entry_fiery
D:7:      layout_basic
D:8:      layout_basic, kennysheep_little_box,
          nicolae_gozag_cash_rules_everything_around_me,
          chequers_temple_overflow_statue_of_worship, david_lair_shrubbed,
          hellmonk_ghost_happy_afterlife, st_stairs_6, lemuel_old_faithful
D:9:      layout_basic, zin_academy, tgw_kikubaaqudgha, gammafunk_ghost_icy,
          hangedman_abyss_or_decor_passed, uniq_grum, uniq_maggie, uniq_joseph,
          uniq_maurice
D:10:     layout_long_grid, ploomutoo_gammafunk_ghost_potion_laboratory,
          minmay_fire_ice_demons

Skill      XL: |  1  2  3  4  5  6  7  8  9 10 11 |
---------------+----------------------------------+-----
Fighting       | 4 5 6 9 10 11 | 11.6
Axes           | 5 6 9 10 11 | 11.8
Armour         | 3 4 8 10 11 12 | 12.2
Dodging        | 3 7 |  7.5
Evocations     | 4 |  4.9

Action                   |  1- 3 |  4- 6 |  7- 9 | 10-12 || total
-------------------------+-------+-------+-------+-------++-------
Melee: Hand axe          |    49 |   105 |    50 |       ||   204
       Headbutt          |     7 |    22 |    52 |    41 ||   122
       War axe           |       |       |   213 |   202 ||   415
       Unarmed           |       |       |       |    10 ||    10
Invok: Berserk           |     2 |     2 |     6 |     8 ||    18
       Trog's Hand       |       |       |     1 |     3 ||     4
       Brothers in Arms  |       |       |       |     3 ||     3
Evoke: Wand              |       |       |       |     2 ||     2
  Use: Scroll            |       |     3 |     6 |       ||     9
       Potion            |       |       |     1 |     2 ||     3
Armor: Animal skin       |    10 |     6 |       |       ||    16
       Chain mail        |       |    25 |   134 |   148 ||   307
       Skin              |       |       |       |     2 ||     2
Dodge: Dodged            |    35 |    52 |   121 |   110 ||   318
Block: Buckler           |       |       |       |    11 ||    11

Table legend: (Time is in decaauts)
 A = Elapsed time spent in this place.
 B = Non-inter-level travel time spent in this place.
 C = Inter-level travel time spent in this place.
 D = Time resting spent in this place.
 E = Time spent auto-exploring this place.
 F = Levels seen in this place.
 G = Mean time per level.
                   A        B        C        D        E       F      G
               +--------+--------+--------+--------+--------+-----+--------+
         Total |  11330 |  10809 |    521 |   1059 |   8251 |  11 | 1030.0 |
       Dungeon |  10955 |  10434 |    521 |   1059 |   8014 |  10 | 1095.5 |
       Ossuary |    374 |    374 |      0 |      0 |    236 |   1 |  374.0 |
               +--------+--------+--------+--------+--------+-----+--------+

Top non-repeatable levels by time:
     D:6: 1814 daAuts
     D:9: 1462 daAuts
     D:8: 1391 daAuts
     D:4: 1137 daAuts
     D:2: 1034 daAuts
    D:10: 1002 daAuts
     D:1: 874 daAuts
     D:3: 848 daAuts
     D:7: 732 daAuts
     D:5: 658 daAuts
 Ossuary: 374 daAuts
